 Dungeon Crawl Stone Soup version 0.30.0-3-ga4e48a9924 (webtiles) character file.

Game seed: 16656269530434393698

33 dialectric the Covert (level 3, 0/19 HPs)
             Began as a Spriggan Delver on May 7, 2023.
             Succumbed to an adder's poison
             ... on level 4 of the Dungeon.
             The game lasted 00:02:08 (550 turns).

dialectric the Covert (Spriggan Delver)              Turns: 550, Time: 00:02:09

Health: 0/19       AC:  2    Str:  8    XL:     3   Next: 12%
Magic:  4/4        EV: 18    Int: 11    God:
Gold:   37         SH:  0    Dex: 18    Spells: 2/2 levels left

rFire   . . .        a - +1 short sword
rCold   . . .        (no shield)
rNeg    . . .        b - +0 robe
rPois   .            (helmet restricted)
rElec   .            (no cloak)
rCorr   .            (gloves unavailable)
SInv    +            (boots unavailable)
Will    .....        (no amulet)
Stlth   ++++         (no ring)
HPRegen 0.23/turn    (no ring)
MPRegen 0.09/turn

%: no passive effects
@: lethally poisoned (0 -> -1), very quick
A: very small, no large weapons, unfitting armour, see invisible, speed 3
a: no special abilities


You were on level 4 of the Dungeon.
You visited 1 branch of the dungeon, and saw 3 of its levels.

You collected 37 gold pieces.

Inventory:

Hand Weapons
 a - a +1 short sword (weapon)
Armour
 b - a +0 robe (worn)
Wands
 g - a wand of digging (3)
Scrolls
 c - 2 scrolls of fog
 d - a scroll of magic mapping
 e - a scroll of fear
 h - a scroll of identify {unknown}
 i - a scroll of enchant weapon
 j - a scroll of poison {unknown}
Potions
 f - a potion of haste


   Skills:
 - Level 2.4 Fighting
 - Level 2.1 Short Blades
 + Level 2.8 Dodging
 * Level 8.7 Stealth


You had 2 spell levels left.
You didn't know any spells.
Your spell library was empty.

Dungeon Overview and Level Annotations

Branches:
Dungeon (5/15)
 Temple: D:4-7

Altars:
Zin


Innate Abilities, Weirdness & Mutations

You are very small and have problems with some larger weapons.
You are too small for most types of armour.
You have supernaturally acute eyesight. (SInv)
You cover ground extremely quickly. (Speed+++)


Message History

You closely miss the adder.
The adder is moderately wounded.
The adder closely misses you.
You hit the adder.
The adder is heavily wounded.
The adder completely misses you. The adder misses you.
You miss the adder.
The adder is heavily wounded.
The adder barely misses you.
You miss the adder.
The adder is heavily wounded.
The adder barely misses you.
You barely miss the adder.
The adder is heavily wounded.
The adder bites you.
You are poisoned.
The adder poisons you!
You hit the adder.
The adder is heavily wounded.
You feel sick. The adder closely misses you.
You barely miss the adder.
The adder is heavily wounded.
You feel sick. The adder bites you.
You hit the adder.
The adder is almost dead.
You feel sick. The adder misses you.
You miss the adder.
The adder is almost dead.
You feel sick. The adder misses you. The adder closely misses you.
Unknown command.
You closely miss the adder.
The adder is almost dead.
You feel sick. The adder bites you.
* * * LOW HITPOINT WARNING * * *
Unknown command.
Okay, then.
As you read the scroll labelled UMELUC LICVU, it crumbles to dust.
It is a scroll of enchant weapon.
Your +0 short sword glows red for a moment.
You die...

###########
#..........
#......#
#.....<#
#.##########
#.#.†~~~~~~##
#..########.#
#†## #@# #.#
#S# #.# #~#
#.# #~# #.#
#~#
#.#~#######~#
#.##~~~~~~~##
#########


You could see an adder.

Vanquished Creatures
  An iguana (D:4)
  A worm (D:4)
  An endoplasm (D:4)
  A goblin (D:4)
  A ball python (D:4)
  A rat (D:3)
6 creatures vanquished.

Notes
Turn   | Place    | Note
-------+----------+-------------------------------------------
     0 | D:5      | dialectric the Spriggan Delver began the quest for the Orb.
     0 | D:5      | Reached XP level 1. HP: 11/11 MP: 2/2
    31 | D:5      | Found a glowing silver altar of Zin.
    36 | D:5      | Noticed a hornet
    39 | D:5      | Noticed a water moccasin
   242 | D:4      | Noticed a phantom
   243 | D:4      | Noticed a scorpion
   416 | D:4      | Noticed an iguana
   420 | D:4      | Killed an iguana
   421 | D:4      | Reached skill level 8 in Stealth
   421 | D:4      | Reached XP level 2. HP: 16/16 MP: 3/3
   421 | D:4      | Reached XP level 3. HP: 19/19 MP: 4/4
   550 | D:4      | Succumbed to an adder's poison

Illustrated notes

Levels and vault maps discovered:
D:3:      layout_basic, slow_altar_2, corexii_hall_statues_i, uniq_robin
D:4:      layout_basic, gup_sewer_entry_spiral, minmay_mini_ossuary,
          uniq_crazy_yiuf_cottage
D:5:      due_chaos_kobolds, layout_basic, mainiacjoe_overflow_cross_hatched,
          enter_ossuary_2, ebering_ghost_inner_flame, hangedman_minor_gate_pass

Skill      XL: |  1 |
---------------+----+-----
Stealth        | 8 |  8.7
Fighting       | |  2.4
Short Blades   | |  2.1
Dodging        | |  2.8

Action                     || total
---------------------------++-------
  Melee: Short sword       ||    43
         Punch             ||     1
    Use: Scroll            ||     1
   Stab: Sleeping          ||     3
 Armour: Robe              ||     1
  Dodge: Dodged            ||    34
